 Dungeon Crawl Stone Soup version 0.20.0-8-g6b59dc7 (webtiles) character file.

36 Rrauwl the Charlatan (level 3, -3/24 HPs)
             Began as a Halfling Artificer on May 30, 2017.
             Slain by a hobgoblin
             ... wielding a +0 club
              (4 damage)
             ... on level 2 of the Dungeon.
             The game lasted 00:02:55 (692 turns).

Rrauwl the Charlatan (Halfling Artificer)            Turns: 692, Time: 00:02:55

Health: -3/24      AC:  3    Str: 12 (14) XL:     3   Next: 57%
Magic:  5/5        EV: 14    Int:  9 (11) God:
Gold:   59         SH:  0    Dex: 12 (14) Spells: 2/2 levels left

rFire    . . .     SeeInvis .   a - +0 war axe
rCold    . . .     Gourm    .   (shield restricted)
rNeg     . . .     Faith    .   b - +0 leather armour
rPois    .         Spirit   .   (no helmet)
rElec    .         Reflect  .   (no cloak)
rCorr    +         Harm     .   (no gloves)
MR       .....                  (no boots)
Stlth    +.........             (no amulet)
Regen    0.1/turn               h - ring of resist corrosion
MPRegen  0.1/turn               n - +2 ring of intelligence

@: no status effects
A: mutation resistance 1
a: no special abilities


You were on level 2 of the Dungeon.
You were not hungry.

You visited 1 branch of the dungeon, and saw 2 of its levels.

You collected 59 gold pieces.

Inventory:

Hand Weapons
 a - a +0 war axe (weapon)
Missiles
 m - 34 stones (quivered)
Armour
 b - a +0 leather armour (worn)
Jewellery
 h - a ring of resist corrosion (left hand)
 n - a +2 ring of intelligence (right hand)
Wands
 c - a wand of flame (15/48)
 d - a wand of enslavement (15/24)
 e - a wand of random effects (15/48)
Scrolls
 g - a scroll of magic mapping {unknown}
 i - a scroll of teleportation {unknown}
 j - 2 scrolls of fear {unknown}
 o - a scroll of identify {unknown}
Potions
 l - a potion of curing {unknown}
Comestibles
 f - a bread ration
 k - 5 chunks of flesh


   Skills:
 - Level 2.0 Fighting
   Level 1.2 Short Blades
 + Level 2.0 Axes
 - Level 2.1 Dodging
 - Level 1.1 Stealth
 - Level 3.0 Evocations


You had 2 spell levels left.
You didn't know any spells.

Dungeon Overview and Level Annotations

Branches:
Dungeon (2/15)

Altars:


Innate Abilities, Weirdness & Mutations

You are small and have problems with some larger weapons.
You are somewhat resistant to further mutation.


Message History

Things that are here:
a stone; a club You hit the hobgoblin.
The hobgoblin is moderately wounded.
You closely miss the hobgoblin. The hobgoblin completely misses you.
The hobgoblin barely misses you. x2
You closely miss the hobgoblin.
The hobgoblin is moderately wounded.
You barely miss the hobgoblin. The hobgoblin closely misses you.
The hobgoblin hits you with a club.
* * * LOW HITPOINT WARNING * * *
The hobgoblin hits you with a club.
* * * LOW HITPOINT WARNING * * *
It was a potion of mutation.
You feel extremely strange. The hobgoblin closely misses you.
It was a potion of degeneration.
There was something very wrong with that liquid.
You feel weakened.
You feel dopey.
You feel clumsy. The hobgoblin hits you with a club.
You die...

.##. ..## ..# ....#
###########.# ....##
#...........####%.....
#....#####..........#
#..<.# #...........#
##...####...[.......#
#.#.#..........######
#...#.###....@g#.#(.#
###.. #.....gw....#
#... #....##(##.......
..........#...#..####.
#....#..#...8.....#
....%...#..$#.....
.#.#....##.##...%##
#.###.. ... ....# .
... .....


You could see a dart slug and 2 hobgoblins.

Vanquished Creatures
  An ooze (D:1)
  A worm (D:2)
  5 bats (D:1)
  4 giant cockroaches (D:1)
  5 goblins (D:1)
  2 hobgoblins
  3 frilled lizards (D:1)
  3 kobolds
  3 rats (D:1)
27 creatures vanquished.

Notes
Turn   | Place    | Note
-------+----------+-------------------------------------------
     0 | D:1      | Rrauwl the Halfling Artificer began the quest for the Orb.
     0 | D:1      | Reached XP level 1. HP: 12/12 MP: 3/3
    28 | D:1      | Reached skill level 1 in Fighting
   284 | D:1      | Reached XP level 2. HP: 17/18 MP: 4/4
   324 | D:1      | Reached skill level 1 in Axes
   445 | D:1      | Reached XP level 3. HP: 22/24 MP: 5/5
   689 | D:2      | HP: 1/24 [hobgoblin/club (6)]
   692 | D:2      | Slain by a hobgoblin

Skill      XL: |  1  2  3 |
---------------+----------+-----
Fighting       | 1 2 |  2.0
Axes           | 1 2 |  2.0
Short Blades   | |  1.2
Dodging        | |  2.1
Stealth        | |  1.1
Evocations     | |  3.0

Action                   || total
-------------------------++-------
Melee: Short sword       ||     7
       War axe           ||    80
  Use: Potion            ||     2
 Stab: Sleeping          ||     2
Armor: Leather armour    ||    26
Dodge: Dodged            ||   119
